 Dungeon Crawl Stone Soup version 0.28-a0-1389-gc726bef33b (webtiles) character file.

Game seed: 5935421751127151604

439 avis the Insei (level 6, -2/51 HPs)
             Began as a Demigod Transmuter on Jan 4, 2022.
             Killed by nerve-wracking pain
             ... invoked by a shadow imp
              (5 damage)
             ... on level 4 of the Dungeon.
             The game lasted 00:19:08 (5293 turns).

avis the Insei (Demigod Transmuter)                 Turns: 5293, Time: 00:19:09

Health: -2/51      AC:  4    Str: 11    XL:     6   Next: 41%
Magic:  3/11       EV: 12    Int: 15    God:
Gold:   94         SH:  0    Dex: 22    Spells: 5/9 levels left

rFire   . . .      SeeInvis .     - Unarmed
rCold   . . .      Faith    .   (no shield)
rNeg    . . .      Spirit   .   d - +0 leather armour
rPois   .          Reflect  .   (no helmet)
rElec   .          Harm     .   f - +0 cloak
rCorr   .          Rampage  .   (no gloves)
Will    .....                   (no boots)
Stlth   ++........              (no amulet)
HPRegen 0.17/turn               (no ring)
MPRegen 0.12/turn               (no ring)

@: very slightly contaminated
A: high mp 1, forlorn, divine attributes
a: no special abilities


You were on level 4 of the Dungeon.
You visited 1 branch of the dungeon, and saw 4 of its levels.

You collected 94 gold pieces.

Inventory:

Hand Weapons
 q - a +0 trident
Missiles
 b - 147 stones
 h - 15 bolts
 j - 10 sling bullets
 o - 4 boomerangs (quivered)
Armour
 a - a +0 robe
 d - a +0 leather armour (worn)
 f - a +0 cloak (worn)
Magical Staves
 n - a staff of cold
Scrolls
 c - a scroll of teleportation {unknown}
 e - a scroll of magic mapping {unknown}
 g - a scroll of holy word {unknown}
 k - 3 scrolls of identify {unknown}
 p - a scroll of vulnerability {unknown}
Potions
 i - a potion of brilliance {unknown}
 l - a potion of might {unknown}
 m - 2 potions of curing {unknown}
 r - 3 potions of magic {unknown}


   Skills:
 - Level 3.0 Fighting
 - Level 2.0 Dodging
 - Level 2.0 Stealth
 - Level 5.0 Unarmed Combat
 - Level 2.0 Spellcasting
 * Level 2.4 Transmutations
 - Level 2.0 Poison Magic


You had 5 spell levels left.
You knew the following spells:

 Your Spells              Type           Power      Damage    Failure   Level
a - Beastly Appendage     Tmut           16%        N/A       11%         1
p - Spider Form           Tmut/Pois      8%         N/A       34%         3

Your spell library contained the following spells:

 Spells                   Type           Power      Damage    Failure   Level
 Wereblood                Tmut           8%         N/A       17%         2
 Ensorcelled Hibernation  Hex/Ice        2%         N/A       41%         2
 Ice Form                 Ice/Tmut       5%         N/A       87%         4


Dungeon Overview and Level Annotations

Branches:
Dungeon (4/15)
 Temple: D:4-7

Shops:
D:1 ?

Annotations:
D:4 Dowan


Innate Abilities, Weirdness & Mutations

You have an increased reservoir of magic. (+10% MP)
You shall have no god before yourself.
Your divine heritage dramatically boosts your attributes as you level up.


Message History

Duvessa is severely wounded.
Duvessa misses you. Dowan hits you with a +0 dagger. Duvessa barely misses you.
You hit Duvessa.
Duvessa is almost dead.
Duvessa barely misses you.
Dowan mumbles some strange words.
Dowan blinks!
You barely miss Duvessa.
Duvessa is almost dead.
Duvessa hits you with a +0 short sword.
* * * LOW HITPOINT WARNING * * *
Duvessa hits you with a +0 short sword!
* * * LOW HITPOINT WARNING * * *
Unknown command.
You hit Duvessa but do no damage.
Duvessa is almost dead.
Duvessa barely misses you.
A dart slug comes into view.
Unknown command.
You kill Duvessa!
Dowan screams, "No!
Oh no!"
Dowan seems to find hidden reserves of power!
Training target 3.0 for Fighting reached!
Your Fighting skill increases to level 3!
You need to enable at least one skill for training.
Dowan gestures at you while chanting. The stone arrow hits you!
* * * LOW HITPOINT WARNING * * *
A goblin, a gnoll and a gnoll shaman come into view.
Found 11 gold pieces.
The gnoll shouts!
The gnoll shaman shouts!
The goblin shouts!
Dowan gestures wildly while chanting.
Dowan blinks!
A gnoll comes into view. It is wielding a +0 club.
Found 8 gold pieces.
The shadow imp shouts, "Get thee gone, thou worthless dismal-dreaming wastrel!"
Found 4 gold pieces.
The shadow imp gestures at you. Pain shoots through your body!
You die...

....## #....... ..
.....###....#.##.....##. #...
......##.##.#.......$..$ #.#.
.....................5.... ....
....####.##..............# .##..
........eB.....#.........#.......
....###.....##.#...........#.....
≈..........g.#.#..........##.....
≈........[...#..@.<......## #..#
≈..........e.g............# #..##
..........................###....
.....................>.........#.
.................................
...........#.###.................
........####.# #.................
........####.# ##..<......<......
.....<..÷÷.#.####................


You could see Dowan (fast), a shadow imp and a hobgoblin.

Vanquished Creatures
  Sigmund (D:4)
  Duvessa (D:4)
  A centaur skeleton (D:3)
  Terence (D:2)
  A hound skeleton (D:4)
  5 adders
  An ufetubus (D:4)
  A dart slug (D:4)
  4 ball pythons
  7 endoplasms
  4 giant cockroaches
  2 goblins
  7 hobgoblins
  9 jackals
  3 quokkas
  5 bats
  2 frilled lizards
  4 kobolds
  5 rats
64 creatures vanquished.

Notes
Turn   | Place    | Note
-------+----------+-------------------------------------------
     0 | D:1      | avis the Demigod Transmuter began the quest for the Orb.
     0 | D:1      | Reached XP level 1. HP: 15/15 MP: 5/5
    15 | D:1      | Reached skill level 1 in Fighting
   199 | D:1      | Reached skill level 3 in Unarmed Combat
   273 | D:1      | Reached skill level 1 in Stealth
   274 | D:1      | Reached XP level 2. HP: 10/23 MP: 7/7
   791 | D:1      | Found Toxiudd's Magic Scroll Emporium.
  1680 | D:2      | Reached XP level 3. HP: 10/29 MP: 8/8
  1868 | D:1      | Learned a level 3 spell: Spider Form
  2448 | D:2      | Noticed Terence
  2453 | D:2      | Killed Terence
  2836 | D:2      | Reached XP level 4. HP: 19/36 MP: 5/9
  4285 | D:3      | Reached skill level 4 in Unarmed Combat
  4668 | D:4      | Noticed Sigmund
  4679 | D:4      | Killed Sigmund
  4680 | D:4      | Reached XP level 5. HP: 26/41 MP: 7/10
  5021 | D:3      | Reached skill level 5 in Unarmed Combat
  5021 | D:3      | Reached XP level 6. HP: 20/48 MP: 2/11
  5261 | D:4      | Noticed Dowan
  5262 | D:4      | Noticed Duvessa
  5280 | D:4      | Killed Duvessa
  5282 | D:4      | HP: 1/51 [Dowan/stone arrow (7)]
  5293 | D:4      | Killed from afar by a shadow imp

Illustrated notes

Levels and vault maps discovered:
D:1:      wander_arrival_peaceful_grave, layout_basic, serial_shops,
          nicolae_square_shop, minivault_27
D:2:      layout_basic, chequers_ecumenical_altar_simple, chequers_arboretum,
          uniq_terence
D:3:      layout_loops_ring
D:4:      layout_rooms, kennysheep_slug_shrine, minmay_temple_entry_nine_rooms,
          columned_hall_lemuel, uniq_sigmund, uniq_duvessa, uniq_ijyb

Skill      XL: |  1  2  3  4  5  6 |
---------------+-------------------+-----
Fighting       | 1 2 3 |  3.0
Unarmed Combat | 3 4 5 |  5.0
Stealth        | 1 2 |  2.0
Dodging        | 2 |  2.0
Transmutations | 2 |  2.4
Spellcasting   | 2 |  2.0
Poison Magic   | 2 |  2.0

Action                   |  1- 3 |  4- 6 || total
-------------------------+-------+-------++-------
Melee: Unarmed           |   106 |    82 ||   188
       Kick              |    15 |     8 ||    23
       Headbutt          |     9 |     5 ||    14
       Punch             |     2 |       ||     2
Throw: Boomerang         |       |    14 ||    14
 Cast: Beastly Appendage |    30 |     6 ||    36
       Spider Form       |     3 |     8 ||    11
  Use: Potion            |     1 |       ||     1
 Stab: Sleeping          |     5 |     1 ||     6
Armor: Robe              |    10 |       ||    10
       Leather armour    |    12 |    22 ||    34
       Skin              |       |     4 ||     4
Dodge: Dodged            |    45 |    80 ||   125

Table legend: (Time is in decaauts)
 A = Elapsed time spent in this place.
 B = Non-inter-level travel time spent in this place.
 C = Inter-level travel time spent in this place.
 D = Time resting spent in this place.
 E = Time spent auto-exploring this place.
 F = Levels seen in this place.
 G = Mean time per level.
                   A        B        C        D        E       F      G
               +--------+--------+--------+--------+--------+-----+--------+
         Total |   5296 |   4859 |    437 |   1892 |   2225 |   4 | 1324.0 |
       Dungeon |   5296 |   4859 |    437 |   1892 |   2225 |   4 | 1324.0 |
               +--------+--------+--------+--------+--------+-----+--------+

Top non-repeatable levels by time:
     D:2: 1991 daAuts
     D:1: 1826 daAuts
     D:3: 1131 daAuts
     D:4: 347 daAuts
